 Dungeon Crawl Stone Soup version 0.30-a0-222-ge547ba4400 (webtiles) character file.

Game seed: 4910913420483693791

197 qw the Chopper (level 5, 0/33 HPs)
             Began as a Gargoyle Fighter on Oct 8, 2022.
             Slain by a river rat (7 damage)
             ... summoned by Eustachio
             ... on level 4 of the Dungeon.
             The game lasted 00:01:12 (2803 turns).

qw the Chopper (Gargoyle Fighter)                   Turns: 2803, Time: 00:01:13

Health: 0/33       AC: 12    Str: 21    XL:     5   Next: 75%
Magic:  5/5        EV:  9    Int:  9    God:
Gold:   211        SH:  4    Dex:  9    Spells: 4/4 levels left

rFire   . . .      SeeInvis .    Y - +0 war axe (freeze)
rCold   . . .      Faith    .    c - +0 buckler
rNeg    + . .      Spirit   .    b - +0 scale mail
rPois   inf        Reflect  .    h - +0 helmet
rElec   +          Harm     .    (no cloak)
rCorr   .          Rampage  .    (no gloves)
Will    +....                    (no boots)
Stlth   ..........               (no amulet)
HPRegen 0.25/turn                f - ring of willpower
MPRegen 0.09/turn                (no ring)

@: no status effects
A: sickness immunity, AC +4, negative energy resistance 1, electricity
resistance, torment resistance 1, petrification resistance
a: no special abilities


You were on level 4 of the Dungeon.
You visited 1 branch of the dungeon, and saw 4 of its levels.

You collected 211 gold pieces.


Innate Abilities, Weirdness & Mutations

You are immune to sickness and miasma.
Your stone body is resilient. (AC +4)
You are immune to poison.
You resist negative energy. (rN+)
You are resistant to electric shocks. (rElec)
You are resistant to unholy torment.
You are immune to petrification.


   Skills:
 + Level 3.8 Fighting
 - Level 5.0 Axes
 - Level 3.2 Armour
 - Level 3.2 Shields


You had 4 spell levels left.
You didn't know any spells.
Your spell library was empty.

Inventory:

Hand Weapons
 k - a +0 mace
 Y - a +0 war axe of freezing (weapon)
Armour
 b - a +0 scale mail (worn)
 c - a +0 buckler (worn)
 h - a +0 helmet (worn)
Jewellery
 f - a ring of willpower (left hand)
Scrolls
 a - a scroll of summoning {unknown}
 j - a scroll of identify
Potions
 d - a potion of might
 e - a potion of heal wounds {unknown}
 g - a potion of flight {unknown}
 i - 2 potions of curing {unknown}
 l - a potion of lignification {unknown}

Dungeon Overview and Level Annotations

Branches:
Dungeon (4/15)
 Temple: D:4-7

Altars:
Dithmenos
Elyvilon
Zin
The Shining One

Annotations:
D:4 Eustachio


Message History

You block the ufetubus's attack. The ufetubus closely misses you.
Eustachio gestures wildly while chanting.
The ufetubus barely misses you. x2; The bat hits you but does no damage.
You barely miss the ufetubus. You closely miss the bat.
The bat hits you but does no damage. x2; The ufetubus completely misses you.
The ufetubus hits you but does no damage.
The ufetubus barely misses you. x2
You barely miss the ufetubus. You miss the bat. The bat closely misses you.
The bat barely misses you. x2
The ufetubus barely misses you. You block the ufetubus's attack.
The ufetubus hits you but does no damage.
The ufetubus barely misses you.
You closely miss the ufetubus. You miss the bat.
The ufetubus disappears in a puff of smoke!
The bat hits you but does no damage. The bat hits you.
The quokka closely misses you.
You slash the quokka! You freeze the quokka.
You kill the quokka!
The quokka's corpse disappears in a puff of smoke!
You closely miss the bat. The bat barely misses you.
Eustachio casts a spell.
You block the ufetubus's attack.
The ufetubus hits you but does no damage.
Eustachio casts a spell.
The bat closely misses you.
You barely miss the ufetubus. You closely miss the bat.
The quasit disappears in a puff of smoke!
The ufetubus disappears in a puff of smoke!
The bat hits you but does no damage. The river rat bites you.
You closely miss Eustachio.
Eustachio is heavily wounded.
You slash the river rat! You freeze the river rat.
Eustachio closely misses you. The river rat barely misses you.
You hit the river rat but do no damage.
The river rat is almost dead.
You hit Eustachio but do no damage. Eustachio hits you with a +0 falchion.
The crimson imp blinks!
The river rat bites you!
You die...

#....# ....# ###
#...# # ...#...#.#
##.#...#.#####.#
.........#.%.b.#
#...###.####
#.....#@#..#
#..##.#@rr.#
#.#####..##¤5¤b.##
#........########
#########%# #...#
#.# ###...# #.#
......## #.#
###....# #.#


You could see Eustachio, a quasit (summoned), a river rat (summoned), a bat
(summoned) and a rat (summoned).

Vanquished Creatures
  A hound (D:4)
  Robin (D:3)
  4 gnolls (D:3)
  3 adders
  A dart slug (D:4)
  2 worms (D:3)
  4 ball pythons
  4 endoplasms
  3 giant cockroaches
  13 hobgoblins
  5 jackals
  10 kobolds
  4 quokkas
  6 bats
  5 frilled lizards
  10 goblins
  6 rats
  A spectral kobold (D:3)
83 creatures vanquished.

Notes
Turn   | Place    | Note
-------+----------+-------------------------------------------
     0 | D:1      | qw the Gargoyle Fighter began the quest for the Orb.
     0 | D:1      | Reached XP level 1. HP: 14/14 MP: 1/1
     0 | D:1      | 0 ||| qw: Version: 0.2-a-17-g06abaee
     0 | D:1      | 0 ||| qw: Game counter: 2034
     0 | D:1      | 0 ||| qw: Always use a shield: true
     0 | D:1      | 0 ||| qw: God list: Okawaru
     0 | D:1      | 0 ||| qw: Allow faded altars: false
     0 | D:1      | 0 ||| qw: Do Orc after D:15 true
     0 | D:1      | 0 ||| qw: Do second Lair branch before Depths: true
     0 | D:1      | 0 ||| qw: Lair rune preference: random
     0 | D:1      | 0 ||| qw: Plans: Normal, Zot:1-4, God:TSO, Crypt, Tomb,
                  | Pan, Slime:5, Hells, Abyss, Orb
     0 | D:1      | 0 ||| PLANNING D:1-11
    46 | D:1      | 46 ||| Stepping ~*~*~tactically~*~*~ (stealth).
    48 | D:1      | Reached skill level 2 in Axes
   117 | D:1      | Reached XP level 2. HP: 19/19 MP: 2/2
   420 | D:1      | 420 ||| Stepping ~*~*~tactically~*~*~ (stealth).
   664 | D:1      | 664 ||| Stepping ~*~*~tactically~*~*~ (stealth).
   665 | D:1      | 665 ||| Stepping ~*~*~tactically~*~*~ (stealth).
   678 | D:1      | Reached skill level 3 in Axes
   924 | D:1      | 924 ||| UPGRADING to ring of willpower.
   925 | D:1      | 925 ||| READING scroll labelled ECRA WIKHLUA.
   926 | D:1      | 926 ||| READING scroll labelled MUUPLI YTHIUCW.
   927 | D:1      | 927 ||| READING scroll labelled HABLACZEKLE.
   928 | D:1      | 928 ||| READING scroll labelled POURAU VOHISH.
   994 | D:2      | Reached XP level 3. HP: 23/23 MP: 3/3
  1137 | D:2      | 1137 ||| Stepping ~*~*~tactically~*~*~ (stealth).
  1673 | D:2      | 1673 ||| READING scroll labelled ORUJAB XEBIOKONY.
  1706 | D:3      | Noticed Robin
  1718 | D:3      | Killed Robin
  1719 | D:3      | Reached XP level 4. HP: 19/28 MP: 4/4
  1728 | D:3      | Reached skill level 4 in Axes
  1744 | D:3      | 1744 ||| Stepping ~*~*~tactically~*~*~ (stealth).
  1745 | D:3      | 1745 ||| Stepping ~*~*~tactically~*~*~ (stealth).
  1746 | D:3      | 1746 ||| Stepping ~*~*~tactically~*~*~ (stealth).
  1862 | D:3      | Found a glowing silver altar of Zin.
  1862 | D:3      | Found a white marble altar of Elyvilon.
  1863 | D:3      | Found a glowing golden altar of the Shining One.
  1977 | D:3      | Found a faded altar of an unknown god.
  2035 | D:3      | 2035 ||| Stepping ~*~*~tactically~*~*~ (stealth).
  2174 | D:3      | 2174 ||| Stepping ~*~*~tactically~*~*~ (hiding).
  2180 | D:3      | HP: 7/28 [gnoll/+0 spear (8)]
  2182 | D:3      | Reached XP level 5. HP: 8/32 MP: 5/5
  2230 | D:3      | 2230 ||| FLEEEEING.
  2603 | D:3      | 2603 ||| UPGRADING to +0 helmet.
  2608 | D:3      | 2608 ||| READING scroll labelled ZIN ETYOCKEHA.
  2617 | D:4      | 2617 ||| STAIRDANCE
  2660 | D:4      | 2660 ||| DROPPING +0 club.
  2663 | D:4      | Found a shadowy altar of Dithmenos.
  2675 | D:4      | 2675 ||| Stepping ~*~*~tactically~*~*~ (stealth).
  2708 | D:4      | Reached skill level 5 in Axes
  2758 | D:4      | Noticed Eustachio
  2766 | D:4      | 2766 ||| Stepping ~*~*~tactically~*~*~ (stealth).
  2803 | D:4      | HP: 7/33 [Eustachio/+0 falchion (4)]
  2803 | D:4      | Slain by a river rat

Levels and vault maps discovered:
D:1:      dpeg_arrival_tiny_a, layout_basic, kennysheep_crisscross
D:2:      layout_loops_ring
D:3:      layout_loops_cross, good_gods_mini_temple,
          dreamdust_ecumenical_altar_drowned_temple, uniq_robin
D:4:      layout_basic, amcnicky_altar_gilded, grunt_qazlal_sundering,
          uniq_eustachio

Skill      XL: |  1  2  3  4  5 |
---------------+----------------+-----
Axes           | 2 3 4 5 |  5.0
Fighting       | |  3.8
Armour         | |  3.2
Shields        | |  3.2

Action                   |  1- 3 |  4- 6 || total
-------------------------+-------+-------++-------
Melee: War axe           |   138 |   133 ||   271
  Use: Scroll            |     5 |     1 ||     6
Armor: Scale mail        |    78 |    99 ||   177
Dodge: Dodged            |    70 |    95 ||   165
Block: Buckler           |    30 |    40 ||    70

Table legend:
 A = Non-vault XP
 B = Vault XP
 C = Vault XP percentage of total XP
 D = Non-vault monster count
 E = Vault monster count
 F = Vault count percentage of total count
                 A         B        C        D         E       F
            +---------+---------+-------+---------+---------+-------
      Total |     249 |      33 |  11.7 |      72 |      11 |  13.3
            +---------+---------+-------+---------+---------+-------
        D:1 |      31 |       0 |   0.0 |      19 |       0 |   0.0
        D:2 |      29 |       0 |   0.0 |      19 |       0 |   0.0
        D:3 |     122 |      33 |  21.3 |      26 |      11 |  29.7
        D:4 |      67 |       0 |   0.0 |       8 |       0 |   0.0
            +---------+---------+-------+---------+---------+-------
